 Dungeon Crawl Stone Soup version 0.32-a0-675-gdc239d62e1 (webtiles) character file.

Game seed: 9168626918671465637

140 BeKind the Chiller (level 5, -3/31 HPs)
             Began as an Octopode Ice Elementalist on Mar 11, 2024.
             Killed by divine providence
             ... invoked by an orc priest
              (15 damage)
             ... on level 4 of the Dungeon.
             The game lasted 00:04:12 (2002 turns).

BeKind the Chiller (Octopode Ice Elementalist)      Turns: 2002, Time: 00:04:12

Health: -3/31      AC:  1    Str:  7    XL:     5   Next: 23%
Magic:  0/9        EV: 14    Int: 20    God:
Gold:   88         SH:  0    Dex: 12    Spells: 3/10 levels left

rFire   . . .        d - +0 short sword
rCold   . . .        (no shield)
rNeg    . . .        (helmet restricted)
rPois   .            (no amulet)
rElec   .            (no ring)
rCorr   .            (no ring)
SInv    .            (no ring)
Will    .....        (no ring)
Stlth   +++          (no ring)
HPRegen 0.25/turn    (no ring)
MPRegen 0.11/turn    (no ring)
                     (no ring)

%: no passive effects
@: freezing walls
A: almost no armour, amphibious, 8 rings, camouflage 1, gelatinous body 1,
(nimble swimmer 1), tentacles
a: Convert to Beogh


You were on level 4 of the Dungeon.
You visited 1 branch of the dungeon, and saw 4 of its levels.

You collected 88 gold pieces.

Inventory:

Hand Weapons
 d - a +0 short sword (weapon)
Jewellery
 f - an amulet of faith
Scrolls
 b - 3 scrolls of identify {unknown}
 e - a scroll of enchant weapon {unknown}
Potions
 a - a potion of magic
 c - 2 potions of curing {unknown}


   Skills:
 + Level 3.4 Dodging
 - Level 3.0 Stealth
 + Level 3.1 Spellcasting
 + Level 4.8 Ice Magic


You had 3 spell levels left.
You knew the following spells:

 Your Spells              Type           Power      Damage    Failure   Level
a - Freeze                Ice            88%        1d9       1%          1
b - Frozen Ramparts       Ice            44%        1d7       6%          3
c - Summon Ice Beast      Ice/Summ       12%        N/A       16%         3

Your spell library contained the following spells:

 Spells                   Type           Power      Damage    Failure   Level
 Ozocubu's Armour         Ice            22%        N/A       6%          3
 Apportation              Tloc           6%         N/A       14%         1
 Necrotise                Necr           12%        1d4       14%         1
 Sting                    Conj/Alch      12%        1d3       14%         1
 Summon Small Mammal      Summ           12%        N/A       14%         1
 Hailstorm                Conj/Ice       12%        3d6       16%         3
 Jinxbite                 Hex            6%         N/A       22%         2
 Alistair's Intoxication  Alch           2%         N/A       98%         5


Dungeon Overview and Level Annotations

Branches:
Dungeon (4/15)
 Temple: D:4-7

Altars:
Uskayaw


Innate Abilities, Weirdness & Mutations

You cannot wear most types of armour.
You are amphibious.
You can wear up to eight rings at the same time.
Your skin changes colour to match your surroundings (Stealth+).
Your rubbery body absorbs attacks. (AC +1, EV +1)
((You are camouflaged when in or above water. (Stealth+)))
You have tentacles for arms and can constrict up to eight enemies at once.


Message History

Beogh smites you!
* * * LOW HITPOINT WARNING * * *
The orc priest shouts, "Surrender to Beogh and we'll let you live!" (press Y on the ability menu to convert to Beogh)
The wall freezes the orc wizard.
You are too injured to fight recklessly!
You are too injured to fight recklessly!
Casting: Frozen Ramparts (dangerous; 6% risk of failure)
Confirm with . or Enter, or press ? or * to list all spells.
Aiming: Freeze (safe; 1% risk of failure)
Press: ? - help, Shift-Dir - straight line, f - orc wizard
Aim: an orc wizard, wielding a +0 dagger and wearing a +0 robe (moderately wounded)
You freeze the orc wizard!
The orc wizard is severely wounded.
The wall freezes the orc wizard but does no damage.
You hit the orc wizard. Your grab misses the orc wizard.
You squeeze the orc wizard.
You kill the orc wizard!
The frozen ramparts melt away.
Casting: Freeze (safe; 1% risk of failure)
Confirm with . or Enter, or press ? or * to list all spells.
Casting: Frozen Ramparts (dangerous; 6% risk of failure)
Press: ? - help, Dir - look around, f - activate The walls around you are covered in ice.
The orc priest shouts, "Surrender to Beogh and we'll let you live!"
The orc priest threatens, "Beogh's wrath is as vast as their mercy.
Make your choice!"
The wall freezes the orc priest.
The orc priest threatens, "Beogh's wrath is as vast as their mercy.
Make your choice!" The orc priest closely misses you.
Casting: Frozen Ramparts (dangerous; 6% risk of failure)
Confirm with . or Enter, or press ? or * to list all spells.
Aiming: Freeze (safe; 1% risk of failure)
Press: ? - help, Shift-Dir - straight line, f - orc priest
Aim: an orc priest, wielding a +0 hand axe (lightly wounded)
You freeze the orc priest.
The orc priest is moderately wounded.
The wall freezes the orc priest.
The orc priest mumbles some strange prayers to Beogh against you.
Beogh smites you!
You die...

.......... ..#
.....o...##>..#
.......†..#...##
.......))..).....?..#####
..........o....###......
........$.#..(..........
.........###.#.#.##.#..
.........#..o..#...##
...............#@)..#
..../..........##o..#
......†.!...#.......#
..###......##.......#
...##.......##.....##
......[..†..##......#
.....#..##..#.........
..####..#..........#...
...# #............##.##.


You could see an orc priest.

Vanquished Creatures
  A hound (D:4)
  An orc wizard (D:4)
  An adder (D:2)
  3 dart slugs
  A ribbon worm (D:2)
  5 orcs
  5 endoplasms
  2 giant cockroaches
  2 goblins
  7 hobgoblins
  2 jackals (D:1)
  3 quokkas
  13 ball pythons
  3 bats
  A frilled lizard (D:3)
  7 kobolds
  3 rats
60 creatures vanquished.

Notes
Turn   | Place    | Note
-------+----------+-------------------------------------------
     0 | D:1      | BeKind the Octopode Ice Elementalist began the quest for
                  | the Orb.
     0 | D:1      | Reached XP level 1. HP: 11/11 MP: 3/3
   173 | D:1      | Reached XP level 2. HP: 12/17 MP: 3/5
   305 | D:1      | Found a faded altar of an unknown god.
   776 | D:2      | Reached XP level 3. HP: 6/21 MP: 0/6
   991 | D:2      | Found Ciqytt's Assorted Antiques.
  1041 | D:2      | Learned a level 3 spell: Frozen Ramparts
  1045 | D:2      | Learned a level 3 spell: Summon Ice Beast
  1239 | D:2      | Found a hide-covered altar of Uskayaw.
  1670 | D:3      | Reached XP level 4. HP: 27/27 MP: 8/8
  1955 | D:4      | Reached XP level 5. HP: 13/31 MP: 3/9
  2002 | D:4      | Killed from afar by an orc priest

Illustrated notes

Levels and vault maps discovered:
D:1:      zaba_arrival_water, layout_rooms, shapermc_ecumenical_altar_hornbeckon
D:2:      layout_basic, serial_shops, shop, basic_altar
D:3:      minmay_chambers_of_threes, layout_basic, lemuel_round_altar,
          hangedman_abyss_or_decor_stabs, kennysheep_minor_cross
D:4:      layout_cave_pools, kennysheep_mini_moat, gup_ossuary_entry_pyramid,
          cheibrodos_sewer_entry_sluice

Skill      XL: |  1  2  3  4 |
---------------+-------------+-----
Stealth        | 3 |  3.0
Dodging        | 3 |  3.4
Spellcasting   | 3 |  3.1
Ice Magic      | |  4.8

Action                     |  1- 3 |  4- 6 || total
---------------------------+-------+-------++-------
  Melee: Unarmed           |    15 |       ||    15
         Constrict         |    13 |     8 ||    21
         Tentacles         |    10 |     9 ||    19
         Short sword       |    19 |    27 ||    46
   Cast: Freeze            |    32 |     9 ||    41
         Frozen Ramparts   |     1 |     4 ||     5
   Stab: Sleeping          |     2 |     3 ||     5
 Armour: Skin              |    27 |    25 ||    52
  Dodge: Dodged            |    32 |    18 ||    50

Table legend: (Time is in decaauts)
 A = Elapsed time spent in this place.
 B = Non-inter-level travel time spent in this place.
 C = Inter-level travel time spent in this place.
 D = Time resting spent in this place.
 E = Time spent auto-exploring this place.
 F = Levels seen in this place.
 G = Mean time per level.
                   A        B        C        D        E       F      G
               +--------+--------+--------+--------+--------+-----+--------+
         Total |   2001 |   1897 |    104 |    134 |   1354 |   4 |  500.2 |
       Dungeon |   2001 |   1897 |    104 |    134 |   1354 |   4 |  500.2 |
               +--------+--------+--------+--------+--------+-----+--------+

Top non-repeatable levels by time:
     D:1: 841 daAuts
     D:2: 825 daAuts
     D:4: 239 daAuts
     D:3: 94 daAuts
